AoeStats
← WuLuDuDu

Arena

507860672Analyzed
2v2 RM · 12d ago on Sep 20, 2026· 41m 28s· 4 players
Game mode
Random Map
Map size
Medium (4 player)
Population
200
Speed
Normal
Resources
Standard
Victory
Conquest
Starting age
Dark Age
Ending age
Imperial Age
RankedLock teamsTeams togetherTeam positionsShared explorationLock speedFull tech treeHidden civsTurbo modeCheats
Victory
Defeat
🇨🇴 Slavs · Colombia
888
+13
🇺🇸 Cumans · United States
842
+15
🇹🇷 Italians · Türkiye
823
-14
🇸🇮 Romans · Slovenia
817
-14
bibi
0:45 Loom
11:43 Feudal Age
12:28 Double-Bit Axe
13:03 Gold Mining
13:08 Stone Mining
40:16 Castle Age
39:03 Man-at-Arms
39:55 Scale Mail Armor
40:06 Forging
40:36 Pikeman
41:17 Squires
40:37 Long Swordsman
WuLuDuDu
10:31 Feudal Age
12:27 Double-Bit Axe
16:42 Castle Age
15:06 Horse Collar
15:28 Stone Mining
22:43 Heavy Plow
28:23 Imperial Age
27:27 Fletching
27:38 Padded Archer Armor
28:14 Bow Saw
28:38 Bodkin Arrow
31:10 Ballistics
31:11 Gold Mining
31:58 Stone Shaft Mining
33:08 Chemistry
34:56 Pirotechnia
39:21 Fortified Wall
pickardit
0:41 Loom
5:17 Loom
5:22 Loom
11:31 Feudal Age
12:48 Man-at-Arms
15:08 Double-Bit Axe
16:28 Horse Collar
16:55 Scale Mail Armor
20:10 Forging
28:35 Castle Age
29:50 Bow Saw
29:23 Long Swordsman
29:26 Capped Ram
32:10 Heavy Plow
37:21 Chain Mail Armor
38:59 Iron Casting
39:07 Stone Mining
39:09 Gold Mining
40:32 Gold Shaft Mining
40:00 Caravan
40:20 Scale Barding Armor
Lord_Daml
2:49 Loom
11:38 Feudal Age
17:35 Castle Age
15:50 Double-Bit Axe
16:45 Stone Mining
24:24 Pikeman
25:06 Squires
33:15 Imperial Age
31:22 Wheelbarrow
31:03 Bow Saw
30:35 Horse Collar
33:02 Hand Cart
34:10 Fletching
34:31 Forging
34:49 Ballistics
34:09 Capped Ram
35:47 Elite Skirmisher
36:36 Caravan
38:41 Onager
Connection lost

Rejoining the realm…

Still unreachable

The connection could not be restored.

Session expired

The server has moved on; the page needs a fresh start.